 Dungeon Crawl Stone Soup version 0.24.0-41-g2ae2f7f1be (webtiles) character file.

Game seed: 1367602665043958997, levelgen mode: deterministic

59 Iamsoldier the Shield-Bearer (level 4, -2/29 HPs)
             Began as a Gargoyle Fighter on Dec 9, 2019.
             Slain by an orc wizard
             ... wielding a +0 dagger
              (4 damage)
             ... on level 3 of the Dungeon.
             The game lasted 00:01:44 (1265 turns).

Iamsoldier the Shield-Bearer (Gargoyle Fighter)     Turns: 1265, Time: 00:01:44

Health: -2/29      AC: 11    Str: 20    XL:     4   Next: 3%
Magic:  4/4        EV:  7    Int:  8    God:
Gold:   153        SH:  9    Dex: 10    Spells: 3/3 levels left

rFire    . . .     SeeInvis .   a - +0 flail
rCold    . . .     Gourm    .   c - +0 shield
rNeg     + . .     Faith    .   b - +0 scale mail
rPois    ∞         Spirit   .   n - +0 helmet
rElec    +         Reflect  .   (no cloak)
rCorr    .         Harm     .   (no gloves)
MR       .....                  (no boots)
Stlth    ..........             (no amulet)
HPRegen  0.09/turn              (no ring)
MPRegen  0.09/turn              (no ring)

@: no status effects
A: negative energy resistance 1, electricity resistance, unbreathing,
petrification resistance, rot immunity, AC +3
a: no special abilities


You were on level 3 of the Dungeon.
You were not hungry.

You visited 1 branch of the dungeon, and saw 3 of its levels.

You collected 153 gold pieces.

Inventory:

Hand Weapons
 a - a +0 flail (weapon)
Armour
 b - a +0 scale mail (worn)
 c - a +0 shield (worn)
 n - a +0 helmet (worn)
Jewellery
 l - an uncursed ring of fire {unknown}
 s - a cursed ring of teleportation {unknown}
Scrolls
 e - 3 scrolls of identify {unknown}
 h - a scroll of teleportation {unknown}
 i - a scroll of fear {unknown}
 m - a scroll of remove curse {unknown}
 o - 2 scrolls of amnesia {unknown}
 r - a scroll of enchant weapon {unknown}
Potions
 d - a potion of might
 j - 2 potions of berserk rage {unknown}
 k - a potion of magic {unknown}
 p - a potion of haste {unknown}
 q - 2 potions of heal wounds {unknown}
Comestibles
 f - 3 rations
 g - 2 chunks of flesh


   Skills:
 + Level 3.7 Fighting
 * Level 3.0 Maces & Flails
 + Level 3.7 Armour
 + Level 3.8 Shields


You had 3 spell levels left.
You didn't know any spells.
Your spell library contained the following spells:

 Spells                   Type           Power        Failure   Level  Hunger
 Confusing Touch          Hex            #.....       99%         1    ##.....
 Confuse                  Hex            #.......     100%        3    ####...
 Gell's Gravitas          Tloc           #.........   100%        3    ####...
 Petrify                  Tmut/Erth      #.......     100%        4    #####..
 Metabolic Englaciation   Hex/Ice        #.........   100%        5    ######.
 Yara's Violent Unravell  Hex/Tmut       #.........   100%        5    ######.


Dungeon Overview and Level Annotations

Branches:
Dungeon (3/15)

Altars:
Hepliaklqana


Innate Abilities, Weirdness & Mutations

You are resistant to torment.
Your stone body is resilient. (AC +3)
You are immune to poison.
You resist negative energy. (rN+)
You are resistant to electric shocks. (rElec)
You can survive without breathing.
You are immune to petrification.
You are immune to rotting.


Message History

You are too injured to fight recklessly!
You are too injured to fight recklessly!
You are too injured to fight recklessly!
You are too injured to fight recklessly!
You are too injured to fight recklessly!
You are too injured to fight recklessly!
You are too injured to fight recklessly!
You are too injured to fight recklessly!
You are too injured to fight recklessly!
You are too injured to fight recklessly!
You hit the orc.
The orc is almost dead.
The orc wizard points at you and mumbles some strange words.
The puff of flame hits you!
* * * LOW HITPOINT WARNING * * *
The orc hits you but does no damage.
You hit the orc.
You kill the orc!
The orc wizard hits you with a +0 dagger.
You die...

.. .. .. .## .. .#
####o###.##
#..@)o.....
#.###o##.## #.# .#
#.# # ######'###
#........#
#........#
#########........#
........'........#


You could see an orc wizard and 2 orcs.

Vanquished Creatures
  2 adders (D:3)
  2 dart slugs
  A leopard gecko (D:2)
  An orc (D:3)
  A giant cockroach (D:2)
  5 goblins
  3 hobgoblins
  3 jackals (D:2)
  6 kobolds
  A ball python (D:1)
  A bat (D:2)
  3 frilled lizards (D:2)
  7 rats
36 creatures vanquished.

Notes
Turn   | Place    | Note
-------+----------+-------------------------------------------
     0 | D:1      | Iamsoldier the Gargoyle Fighter began the quest for the
                  | Orb.
     0 | D:1      | Reached XP level 1. HP: 14/14 MP: 1/1
   175 | D:1      | Reached XP level 2. HP: 19/19 MP: 2/2
   652 | D:2      | Found a hazy altar of Hepliaklqana.
   761 | D:2      | Reached XP level 3. HP: 20/23 MP: 3/3
  1263 | D:3      | Reached XP level 4. HP: 20/29 MP: 4/4
  1265 | D:3      | Slain by an orc wizard

Levels and vault maps discovered:
D:1:      psy_arrival_whirlpool, layout_basic, minmay_tetromino_t2
D:2:      layout_basic, lemuel_round_altar, first_ration
D:3:      layout_basic, lemuel_doored_altar,
          chequers_ecumenical_altar_simple_redux

Skill      XL: |  1  2  3 |
---------------+----------+-----
Maces & Flails | 3 |  3.0
Fighting       | |  3.7
Armour         | |  3.7
Shields        | |  3.8

Action                   |  1- 3 |  4- 6 || total
-------------------------+-------+-------++-------
Melee: Flail             |   100 |     2 ||   102
  Eat: Chunk             |     1 |       ||     1
Armor: Scale mail        |    52 |     1 ||    53
Dodge: Dodged            |    26 |       ||    26
Block: Shield            |    49 |       ||    49
